 Dungeon Crawl Stone Soup version 0.30-a0-168-g0b976cbdc4 (webtiles) character file.

Game seed: 1706996619390338110

184 jt the Shooter (level 5, 0/44 HPs)
             Began as a Naga Hexslinger on Sept 29, 2022.
             Was a Follower of Okawaru.
             Killed from afar by Blork the orc (1 damage)
             ... with a puff of flame
             ... on level 4 of the Dungeon.
             The game lasted 00:09:26 (3374 turns).

jt the Shooter (Naga Hexslinger)                    Turns: 3374, Time: 00:09:28

Health: 0/44       AC:  6    Str: 11 (13) XL:     5   Next: 64%
Magic:  6/6        EV:  9    Int: 14 (15) God:    Okawaru [*.....]
Gold:   117        SH:  0    Dex: 10 (11) Spells: 5/6 levels left

rFire   + . .      SeeInvis +    f - +0 arbalest
rCold   . . .      Faith    .    (shield currently unavailable)
rNeg    . . .      Spirit   .    c - +0 robe
rPois   +          Reflect  .    (no helmet)
rElec   .          Harm     .    (no cloak)
rCorr   .          Rampage  .    (no gloves)
Will    .....                    (no barding)
Stlth   +.........               (no amulet)
HPRegen 0.14/turn                t - +4 ring of protection
MPRegen 0.10/turn                (no ring)

@: short of breath, very slow
A: AC +1, large, see invisible, deformed body, poison resistance, slowness 2,
spit poison 1, naga tail 1, stinger 1, fire resistance 1
a: Spit Poison, Renounce Religion, Heroism


You were on level 4 of the Dungeon.
You worshipped Okawaru.
Okawaru was aware of your devotion.
You visited 1 branch of the dungeon, and saw 4 of its levels.

You collected 117 gold pieces.

Inventory:

Hand Weapons
 a - a +1 sling
 d - a +0 dagger of holy wrath
 f - a +0 arbalest (weapon)
 g - a +0 short sword
 j - a +0 war axe
 o - a +0 whip
 q - a +0 spear
Missiles
 k - 16 stones
 l - 5 poisoned darts
Armour
 c - a +0 robe (worn)
 i - a +0 ring mail
 n - a +0 scale mail
Jewellery
 t - a +4 ring of protection (left hand)
Wands
 s - a wand of flame (29)
Potions
 e - a potion of resistance
 m - a potion of curing
 p - a potion of cancellation


   Skills:
 - Level 1.0 Fighting
 + Level 4.7 Ranged Weapons
 - Level 1.5 Dodging
 - Level 1.0 Spellcasting
 - Level 3.0 Hexes
 - Level 2.0 Evocations


You had 5 spell levels left.
You knew the following spells:

 Your Spells              Type           Power      Damage    Failure   Level
a - Slow                  Hex            36%        N/A       8%          1

Your spell library contained the following spells:

 Spells                   Type           Power      Damage    Failure   Level
 Foxfire                  Conj/Fire      0%         2x1d4     26%         1
 Inner Flame              Hex/Fire       4%         N/A       38%         3
 Portal Projectile        Hex/Tloc       8%         N/A       38%         3
 Cause Fear               Hex            4%         N/A       58%         4
 Flame Wave               Conj/Fire      0%         2d4       95%         4
 Sticky Flame             Conj/Fire      0%         2d3       95%         4


Dungeon Overview and Level Annotations

Branches:
Dungeon (4/15)
 Temple: D:4-7

Altars:
Okawaru

Shops:
D:4 =

Annotations:
D:3 Grinder
D:4 Blork the orc


Innate Abilities, Weirdness & Mutations

Your serpentine skin is tough. (AC +1)
You have supernaturally acute eyesight. (SInv)
Armour fits poorly on your strangely shaped body.
Your system is resistant to poisons. (rPois)
You cover ground very slowly.
You can spit poison.
You have a snake-like lower body.
Your tail ends in a venomous barb.
Your flesh is heat resistant. (rF+)


Message History

You have got your breath back.
Blork the orc points at you and mumbles some strange words.
The magic dart hits you.
Blork the orc hits you with a +0 vorpal battleaxe!
* * * LOW HITPOINT WARNING * * *
x2 You aren't carrying any scrolls.
Unknown command.
It was a potion of degeneration.
There was something very wrong with that liquid.
You feel weakened.
You feel dopey.
You feel clumsy. Blork the orc barely misses you.
An orc comes into view. It is wielding a +0 club.
Press: ? - help, v - describe, . - travel
Here: Blork the orc, wielding a +0 vorpal battleaxe, wearing a +0 robe and carrying a wand of flame (12) (moderately wounded, fast)
The floor, spattered with blood.
Okay, then.
Aiming: Spit Poison (1% risk of failure)
Press: ? - help, Shift-Dir - straight line, f - orc, p - Blork the orc
Aim: an orc, wielding a +0 club and wearing a +0 leather armour (59% to hit)
The splash of poison hits Blork the orc.
Blork the orc is heavily wounded.
Blork the orc barely misses you. Blork the orc closely misses you.
Press: ? - help, v - describe, . - travel
Here: Blork the orc, wielding a +0 vorpal battleaxe, wearing a +0 robe and carrying a wand of flame (12) (heavily wounded, fast)
The floor, spattered with blood.
Fire: f) +0 arbalest
Press: ? - help, Q - select action, (/) - cycle Shift-Dir - straight line, f/p - orc
Aim: an orc, wielding a +0 club and wearing a +0 leather armour (50% to hit)
You shoot a bolt. The bolt hits Blork the orc.
Blork the orc is severely wounded.
Blork the orc hits you with a +0 vorpal battleaxe.
* * * LOW HITPOINT WARNING * * *
x2 Blork the orc looks encouraged for a moment.
Fire: f) +0 arbalest
Press: ? - help, Q - select action, (/) - cycle Shift-Dir - straight line, f/p - orc
Aim: an orc, wielding a +0 club and wearing a +0 leather armour (50% to hit)
You shoot a bolt. The bolt closely misses Blork the orc.
The bolt hits the orc but does no damage.
Blork the orc zaps a wand.
The puff of flame hits you. You resist.
You die...

......
.
##.####
#. ###
#. #..
..#.#
.#.##
)o. #o#
#@# #.#
#.#
#.##
#..#
##.#
#.# #.#
#.#


You could see Blork the orc (fast) and an orc.

Vanquished Creatures
  An ogre (D:4)
  An iguana (D:4)
  An adder (D:4)
  2 worms
  A dart slug (D:2)
  An orc (D:3)
  8 ball pythons
  4 endoplasms
  A giant cockroach (D:2)
  3 goblins
  12 hobgoblins
  2 quokkas
  A bat (D:3)
  A frilled lizard (D:2)
  6 kobolds
  2 rats (D:2)
47 creatures vanquished.

Notes
Turn   | Place    | Note
-------+----------+-------------------------------------------
     0 | D:1      | jt the Naga Hexslinger began the quest for the Orb.
     0 | D:1      | Reached XP level 1. HP: 18/18 MP: 2/2
   247 | D:1      | Reached skill level 2 in Ranged Weapons
   377 | D:1      | Found a faded altar of an unknown god.
   406 | D:1      | Prayed at the altar of an unknown god.
   406 | D:1      | Became a worshipper of Warmaster Okawaru
   406 | D:1      | Reached * piety under Okawaru
  1103 | D:2      | Reached XP level 2. HP: 24/25 MP: 3/3
  1788 | D:2      | Reached skill level 3 in Ranged Weapons
  1817 | D:2      | Reached XP level 3. HP: 31/31 MP: 4/4
  2153 | D:3      | Noticed Grinder
  2159 | D:3      | Gained mutation: Your flesh is heat resistant. (rF+)
                  | [potion of mutation]
  2159 | D:3      | Gained mutation: Your tail ends in a venomous barb. [potion
                  | of mutation]
  2952 | D:4      | Reached skill level 1 in Evocations
  2952 | D:4      | Reached XP level 4. HP: 21/38 MP: 5/5
  3176 | D:4      | Reached skill level 4 in Ranged Weapons
  3314 | D:4      | Noticed a black bear
  3320 | D:4      | Found Laule's Jewellery Emporium.
  3355 | D:4      | Noticed Blork the orc
  3355 | D:4      | Noticed an ogre
  3359 | D:4      | Killed an ogre
  3360 | D:4      | Reached XP level 5. HP: 44/44 MP: 6/6
  3373 | D:4      | HP: 2/44 [Blork the orc/+0 vorpal battleaxe (3)]
  3374 | D:4      | Killed from afar by Blork the orc

Illustrated notes

Levels and vault maps discovered:
D:1:      dpeg_arrival_three_bigger_balls, layout_basic,
          nicolae_ecumenical_lake_church, hangedman_decor_opposing
D:2:      layout_basic
D:3:      layout_basic, minmay_pentangle, uniq_grinder, uniq_robin
D:4:      layout_loops_cross, serial_shops, shop, reono_crystal_passage,
          uniq_blork_the_orc

Skill      XL: |  1  2  3  4 |
---------------+-------------+-----
Ranged Weapons | 2 3 4 |  4.7
Evocations     | 1 2 |  2.0
Fighting       | |  1.0
Dodging        | |  1.5
Spellcasting   | |  1.0
Hexes          | |  3.0

Action                   |  1- 3 |  4- 6 || total
-------------------------+-------+-------++-------
 Fire: Sling             |    98 |       ||    98
       Arbalest          |     7 |    21 ||    28
Throw: Dart              |       |     2 ||     2
 Cast: Slow              |     2 |       ||     2
 Abil: Spit Poison       |    25 |     7 ||    32
Evoke: Wand              |     1 |       ||     1
  Use: Potion            |     4 |     2 ||     6
       Scroll            |     2 |     2 ||     4
Armor: Robe              |     6 |     2 ||     8
       Skin              |     3 |     1 ||     4
Dodge: Dodged            |    39 |     7 ||    46

Table legend: (Time is in decaauts)
 A = Elapsed time spent in this place.
 B = Non-inter-level travel time spent in this place.
 C = Inter-level travel time spent in this place.
 D = Time resting spent in this place.
 E = Time spent auto-exploring this place.
 F = Levels seen in this place.
 G = Mean time per level.
                   A        B        C        D        E       F      G
               +--------+--------+--------+--------+--------+-----+--------+
         Total |   4133 |   3956 |    177 |   1327 |   1915 |   4 | 1033.2 |
       Dungeon |   4133 |   3956 |    177 |   1327 |   1915 |   4 | 1033.2 |
               +--------+--------+--------+--------+--------+-----+--------+

Top non-repeatable levels by time:
     D:2: 1456 daAuts
     D:1: 1425 daAuts
     D:3: 635 daAuts
     D:4: 615 daAuts
